 Dungeon Crawl Stone Soup version 0.27-a0-1147-gb3d8e82157 (webtiles) character file.

Game seed: 4696669734364364080

210 st0uf the Changer (level 5, -4/42 HPs)
             Began as a Draconian Transmuter on May 11, 2021.
             Splashed by a jelly's acid (6 damage)
             ... on level 4 of the Dungeon.
             The game lasted 00:08:03 (2532 turns).

st0uf the Changer (Draconian Transmuter)            Turns: 2532, Time: 00:08:05

Health: -4/42      AC: -13   Str: 12    XL:     5   Next: 57%
Magic:  8/8        EV: 12    Int: 14    God:
Gold:   187        SH:  0    Dex: 12    Spells: 6/9 levels left

rFire    . . .     SeeInvis .     - Unarmed
rCold    . . .     Faith    .   (no shield)
rNeg     . . .     Spirit   .   (armour unavailable)
rPois    .         Reflect  .   (helmet currently unavailable)
rElec    .         Harm     .   e - +1 cloak
rCorr    .         Rampage  .   (no gloves)
Will     .....                  (boots currently unavailable)
Stlth    ++........             c - amulet of regeneration
HPRegen  1.14/turn              (no ring)
MPRegen  0.11/turn              (no ring)

@: appendages, corroded
A: horns 2, talons 2, AC +5, unfitting armour, cold-blooded
a: End Transformation


You were on level 4 of the Dungeon.
You had temporarily grown beastly horns and talons.
You visited 1 branch of the dungeon, and saw 4 of its levels.

You collected 187 gold pieces.

Inventory:

Missiles
 h - 14 poisoned darts (quivered)
Armour
 e - a +1 cloak (worn)
Jewellery
 c - an amulet of regeneration (around neck)
Scrolls
 a - 2 scrolls of immolation {unknown}
 b - 2 scrolls of enchant weapon {unknown}
 d - a scroll of fog {unknown}
 f - a scroll of amnesia {unknown}
 g - a scroll of identify {unknown}
Potions
 i - a potion of mutation {unknown}
 j - a potion of lignification {unknown}
 k - a potion of curing {unknown}
 l - a potion of brilliance {unknown}


   Skills:
 + Level 2.3 Fighting
 + Level 2.5 Dodging
 + Level 1.7 Stealth
 + Level 3.5 Unarmed Combat
 + Level 2.6 Spellcasting
 * Level 3.7 Transmutations


You had 6 spell levels left.
You knew the following spells:

 Your Spells              Type           Power      Damage    Failure   Level
a - Beastly Appendage     Tmut           24%        N/A       4%          1
b - Wereblood             Tmut           12%        N/A       8%          2

Your spell library contained the following spells:

 Spells                   Type           Power      Damage    Failure   Level
 Magic Dart               Conj           4%         1d3       22%         1
 Spider Form              Tmut/Pois      3%         N/A       30%         3
 Searing Ray              Conj           2%         3d3       34%         2
 Dazzling Flash           Conj/Hex       2%         N/A       56%         3
 Ice Form                 Ice/Tmut       7%         N/A       71%         4
 Hydra Form               Tmut           6%         N/A       80%         5
 Fulminant Prism          Conj/Hex       0%         3d6       92%         4
 Iskenderun's Mystic Bla  Conj/Tloc      1%         2d3       92%         4


Dungeon Overview and Level Annotations

Branches:
Dungeon (4/15)
 Temple: D:4-7

Altars:
Cheibriados
Trog

Shops:
D:3 =

Annotations:
D:3 Grinder
D:4 Blork the orc, Pikel


Innate Abilities, Weirdness & Mutations

You have temporarily grown beastly horns and talons.
Your plain brown scales are hard. (AC +5)
You cannot fit into any form of body armour.
You are cold-blooded and may be slowed by cold attacks.


Message History

Your transformation is almost over.
Your horns disappear.
Your talons disappear.
Found 26 stones.
Found 14 gold pieces.
A jelly comes into view.
Found a fizzy orange potion.
Casting: Beastly Appendage (safe; 4% risk of failure)
Confirm with . or Enter, or press ? or * to list all spells.
You grow a pair of large bovine horns.
Your feet morph into talons.
The helpless jelly fails to defend itself.
You hit the jelly.
Your hands burn!
You punch the jelly.
The jelly is moderately wounded.
The jelly hits you but does no damage.
You hit the jelly. The acid corrodes you!
Your hands burn!
The jelly is moderately wounded.
The jelly hits you. The acid corrodes you!
You are splashed with acid!
You hit the jelly.
Your hands burn!
The jelly is heavily wounded.
The jelly hits you. The acid corrodes you!
You are splashed with acid.
You hit the jelly but do no damage.
Your hands burn!
Your kick misses the jelly.
The jelly is heavily wounded.
The jelly completely misses you.
You barely miss the jelly. You claw the jelly, but do no damage.
The jelly is heavily wounded.
The jelly barely misses you.
You hit the jelly but do no damage. The acid corrodes you!
Your hands burn!
You claw the jelly.
You headbutt the jelly, but do no damage.
The jelly is severely wounded.
The jelly hits you. The acid corrodes you!
You are splashed with acid!
* * * LOW HITPOINT WARNING * * *
You hit the jelly but do no damage.
Your hands burn!
* * * LOW HITPOINT WARNING * * *
You claw the jelly, but do no damage.
The jelly is severely wounded.
The jelly hits you.
* * * LOW HITPOINT WARNING * * *
You are splashed with acid.
You die...

##..#.....#.# #.......
....###.#.#.# #...$.# ##
.##.........###.....#...
....###.#.#......(..#..#
.##.#.....#.###.........
....#.#.###............
......#.#...........#...
.#..###.###.............
.#.............#@####..
###............#J# .
################


You could see a jelly.

Vanquished Creatures
  A scorpion (D:3)
  2 hounds
  An adder (D:4)
  A worm (D:3)
  3 dart slugs
  3 orcs (D:3)
  5 ball pythons
  8 bats
  8 endoplasms
  5 giant cockroaches
  3 hobgoblins
  11 jackals
  7 kobolds
  2 quokkas
  4 frilled lizards
  4 rats
68 creatures vanquished.

Notes
Turn   | Place    | Note
-------+----------+-------------------------------------------
     0 | D:1      | st0uf the Draconian Transmuter began the quest for the Orb.
     0 | D:1      | Reached XP level 1. HP: 16/16 MP: 3/3
    83 | D:1      | Reached XP level 2. HP: 23/23 MP: 1/5
   693 | D:1      | Reached XP level 3. HP: 28/28 MP: 4/6
  1733 | D:3      | Learned a level 2 spell: Wereblood
  1771 | D:3      | Reached skill level 1 in Stealth
  1825 | D:3      | Reached XP level 4. HP: 36/36 MP: 5/7
  1871 | D:3      | Found a snail-covered altar of Cheibriados.
  1974 | D:3      | Found Veowka's Jewellery Shop.
  2086 | D:3      | Noticed Grinder
  2200 | D:4      | Found a bloodstained altar of Trog.
  2200 | D:4      | Noticed Blork the orc
  2254 | D:4      | Noticed Pikel
  2254 | D:4      | Noticed a lemure
  2254 | D:4      | Noticed a lemure
  2254 | D:4      | Noticed a lemure
  2254 | D:4      | Noticed a necrophage
  2254 | D:4      | Noticed a lemure
  2361 | D:4      | Noticed a scorpion
  2407 | D:3      | Killed a scorpion
  2408 | D:3      | Reached XP level 5. HP: 25/41 MP: 8/8
  2532 | D:4      | HP: 2/42 [acid (4)]
  2532 | D:4      | Splashed by a jelly's acid

Illustrated notes

Levels and vault maps discovered:
D:1:      zaba_arrival_water, layout_basic, hangedman_decor_opposing,
          minmay_box_of_dots
D:2:      layout_basic, grunt_ministairs_15
D:3:      layout_basic, slow_altar_2, serial_shops, shop, uniq_grinder
D:4:      minmay_chambers_of_threes, layout_rooms, overflow_temple_1_default,
          general_overflow_altar, old_standard_altar, jmf_multi_god_temple2,
          lemuel_temple_firewalk_a, kennysheep_doodads, minmay_misc_feat_roman,
          minmay_rat_hole, uniq_edmund, uniq_eustachio, uniq_blork_the_orc,
          uniq_pikel

Skill      XL: |  1  2  3  4 |
---------------+-------------+-----
Dodging        | 2 |  2.5
Transmutations | 3 |  3.7
Stealth        | 1 |  1.7
Fighting       | 2 |  2.3
Unarmed Combat | |  3.5
Spellcasting   | |  2.6

Action                   |  1- 3 |  4- 6 || total
-------------------------+-------+-------++-------
Melee: Unarmed           |   126 |    75 ||   201
       Kick              |    27 |    18 ||    45
       Headbutt          |    14 |     8 ||    22
       Tailslap          |     8 |     3 ||    11
       Punch             |     1 |     3 ||     4
Throw: Dart              |       |     4 ||     4
 Cast: Beastly Appendage |    33 |    12 ||    45
       Wereblood         |     1 |     1 ||     2
 Stab: Sleeping          |     9 |     1 ||    10
Armor: Skin              |    48 |    33 ||    81
Dodge: Dodged            |    89 |    67 ||   156

Table legend: (Time is in decaauts)
 A = Elapsed time spent in this place.
 B = Non-inter-level travel time spent in this place.
 C = Inter-level travel time spent in this place.
 D = Time resting spent in this place.
 E = Time spent auto-exploring this place.
 F = Levels seen in this place.
 G = Mean time per level.
                   A        B        C        D        E       F      G
               +--------+--------+--------+--------+--------+-----+--------+
         Total |   2532 |   2329 |    203 |     25 |   1660 |   4 |  633.0 |
       Dungeon |   2532 |   2329 |    203 |     25 |   1660 |   4 |  633.0 |
               +--------+--------+--------+--------+--------+-----+--------+

Top non-repeatable levels by time:
     D:1: 843 daAuts
     D:2: 825 daAuts
     D:3: 674 daAuts
     D:4: 188 daAuts
